 Dungeon Crawl Stone Soup version 0.24-a0-769-g368c1644f8 (webtiles) character file.

Game seed: 9536476386456579902, levelgen mode: deterministic

88536 Sphyrna the Peltast (level 15, -2/147 HPs)
             Began as a Minotaur Fighter on Oct 4, 2019.
             Was an Elder of Trog.
             Slain by Sphyrna's illusion (14 damage)
             ... woven by Mara
             ... on level 3 of the Snake Pit on Oct 5, 2019.
             The game lasted 05:47:54 (40345 turns).

Sphyrna the Peltast (Minotaur Fighter)             Turns: 40345, Time: 05:47:55

Health: -2/147     AC: 16    Str: 27    XL:     15   Next: 46%
Magic:  15/15      EV: 13    Int:  5    God:    Trog [****..]
Gold:   1186       SH: 24    Dex: 12    Spells: 14/14 levels left

rFire    + . .     SeeInvis .   a - +0 trident
rCold    . . .     Gourm    .   Y - +2 large shield
rNeg     . . .     Faith    .   C - +4 ring mail of the Tired Runes {rElec Dex+2}
rPois    .         Spirit   .   (helmet restricted)
rElec    +         Reflect  .   (no cloak)
rCorr    .         Harm     .   (no gloves)
MR       +....                  s - +1 pair of boots
Stlth    +.........             K - amulet of the acrobat
HPRegen  0.34/turn              Z - ring of protection from fire
MPRegen  0.14/turn              k - +3 ring of protection

@: about to teleport
A: retaliatory headbutt, horns 2
a: Berserk, Trog's Hand, Brothers in Arms, Renounce Religion


You were on level 3 of the Snake Pit.
You worshipped Trog.
Trog was greatly pleased with you.
You were very hungry.

You visited 4 branches of the dungeon, and saw 23 of its levels.

You collected 1355 gold pieces.
You spent 169 gold pieces at shops.

Inventory:

Hand Weapons
 a - a +0 trident (weapon)
 b - a +1 hunting sling of flaming
Missiles
 G - 177 sling bullets
Armour
 s - a +1 pair of boots (worn)
 t - a +3 plate armour of poison resistance
 A - a +2 ring mail of magic resistance
 C - the +4 ring mail of the Tired Runes (worn) {rElec Dex+2}
   (You found it on level 13 of the Dungeon)

   It affects your dexterity (+2).
   It insulates you from electricity.
 Y - a +2 large shield (worn)
Jewellery
 e - an uncursed ring of positive energy
 k - a +3 ring of protection (right hand)
 B - the ring "Coreabiq" {+Fly SInv Stlth+}
   (You found it on level 5 of the Dungeon)

   [ring of see invisible]

   It lets you see invisible.
   It lets you fly.
   It makes you more stealthy.
 K - an amulet of the acrobat (around neck)
 M - the ring "Duoch" {EV+5 Str+3}
   (You found it on level 10 of the Dungeon)

   [ring of evasion]

   It affects your evasion (+5).
   It affects your strength (+3).
 Z - a ring of protection from fire (left hand)
Wands
 i - a wand of iceblast (17)
 o - a wand of digging (8)
 z - a wand of paralysis (12)
 D - a wand of enslavement (8)
 T - a wand of flame (42)
 V - a wand of acid (5)
 W - a wand of polymorph (27)
Scrolls
 h - 14 scrolls of teleportation
 l - a scroll of fog
 n - 3 scrolls of identify
 w - 2 scrolls of magic mapping
 y - 3 scrolls of fear
 L - 3 scrolls of brand weapon {unknown}
 P - 10 scrolls of remove curse
 Q - 2 scrolls of immolation
 X - 3 scrolls of enchant weapon {unknown}
Potions
 d - 5 potions of might
 g - 7 potions of curing
 m - 2 potions of agility
 p - 6 potions of haste
 q - 4 potions of lignification
 r - a potion of cancellation
 v - 3 potions of berserk rage
 J - a potion of resistance
Miscellaneous
 c - a phantom mirror
Comestibles
 f - 18 rations


   Skills:
 + Level 17.2 Fighting
 - Level 14.0 Polearms
 + Level 9.5 Slings
 + Level 10.0 Armour
 - Level 6.0 Dodging
 + Level 18.1 Shields
 + Level 1.3 Evocations


You had 14 spell levels left.
You didn't know any spells.
Your spell library was empty.

Dungeon Overview and Level Annotations

Branches:
Dungeon (13/15)            Temple (1/1) D:4            Lair (6/6) D:9
  Swamp (0/4) Lair:2        Snake (3/4) Lair:3        Slime (0/5) Lair:6
    Orc (0/2) D:10         Vaults (0/5) D:13

Altars:
Ashenzari
Cheibriados
Dithmenos
Elyvilon
Fedhas
Gozag
Hepliaklqana
Kikubaaqudgha
Makhleb
Nemelex Xobeh
Okawaru
Qazlal
Ru
Sif Muna
Trog
Uskayaw
Vehumet
Wu Jian
Xom
Yredelemnul
Zin
The Shining One
Jiyva

Shops:
D:10 ([   Snake:2 ==}

Annotations:
D:5 2 transporters, Linguinho's ghost, novice GrFi
D:11 Fannar
Snake:1 1 runed translucent door, Gusias's ghost, adept OgFE
Snake:3 Mara


Innate Abilities, Weirdness & Mutations

You reflexively headbutt those who attack you in melee.
You have a pair of horns on your head.


Message History

As you read the scroll of teleportation, it crumbles to dust.
You feel strangely unstable.
Your ogre misses Mara. You block Mara's attack. Sphyrna's illusion hits you!
* * * LOW HITPOINT WARNING * * *
You hear a shout!
Mara hits you from afar with a +0 demon trident of electrocution!
* * * LOW HITPOINT WARNING * * *
Your ogre closely misses Mara.
Mara gestures at you.
You struggle to resist.
You feel much better. Mara gestures at you. The bolt of fire hits you!
You resist.
* * * LOW HITPOINT WARNING * * *
Mara gestures at you. Pain shoots through your body!
* * * LOW HITPOINT WARNING * * *
Your ogre hits Mara with a +0 giant spiked club!!
Mara misses you. Sphyrna's illusion hits you!
You die...

...##.....######....##.....>.....
...........###.#...#.............
.............#....###............
................#...#.#.........
....>.................#.........
...........#...O.....##........
...#..#....#...RR....####......
.#.###.....##.........# #####.. .
##.##....###.@@......## ##.. ..
#.#.)...# #........#[#####... ..
##.#.....###...R....#........)
.###.........###.......#.........
.............###......##........)
..............###..>..###.......)
......................# #........
.....#........####...## #.......<
)....#....##### #...####........


You could see 3 Maras, Sphyrna's illusion and a friendly ogre (berserk).

Vanquished Creatures
  Saint Roka (Snake:2)
  Jorgrun (Snake:3)
  Agnes (Snake:3)
  2 nagarajas
  Aizul (Snake:1)
  A dire elephant (Lair:6)
  A fire dragon (Lair:6)
  7 hydras
  3 anacondas
  2 centaur warriors (D:13)
  2 naga warriors (Snake:1)
  2 dancing weapons (D:13)
  3 two-headed ogres
  4 shock serpents (Snake:2)
  2 tengu warriors (D:13)
  7 death yaks
  A naga sharpshooter (Snake:1)
  Nergalle (D:10)
  A swamp dragon (Lair:6)
  2 naga ritualists
  8 mana vipers
  An orc sorcerer (Snake:2)
  2 cyclopes
  An oklob plant (Lair:3)
  4 salamanders
  Maurice (D:10)
  19 black mambas
  Joseph (D:9)
  2 ugly things
  Psyche (D:11)
  6 naga magi
  2 guardian serpents (Snake:2)
  9 spiny frogs
  3 centaur skeletons
  8 komodo dragons
  3 rime drakes (Lair:6)
  13 trolls
  A queen bee (D:7)
  A polar bear (Lair:2)
  3 tyrant leeches (Lair:2)
  9 slime creatures
  18 blink frogs
  4 dream sheep
  A meliai zombie (D:13)
  A hippogriff (Lair:1)
  3 wyverns
  Eustachio (D:6)
  38 yaks
  3 basilisks (Lair:6)
  3 steam dragons
  Grum (D:7)
  5 vampire mosquitoes
  A warg (Snake:2)
  Menkaure (D:6)
  14 nagas
  A swamp worm (Lair:2)
  An acid dragon (D:12)
  17 water moccasins
  4 sky beasts
  A black bear (D:9)
  14 porcupines
  2 swamp drakes (Lair:6)
  6 orc warriors
  2 ice beasts
  3 necrophages
  8 ogres
  4 wolves
  10 centaurs
  15 crocodiles
  3 big kobolds
  Blork the orc (D:5)
  11 bullfrogs
  A scorpion (D:8)
  35 killer bees
  A howler monkey (D:6)
  2 electric eels (D:9)
  2 bullfrog zombies
  7 crimson imps
  3 centaur zombies
  4 jellies
  3 hounds
  8 orc priests
  13 orc wizards
  Crazy Yiuf (D:3)
  A bullfrog skeleton (D:13)
  7 iguanas
  11 worker ants
  2 killer bee zombies
  A hound zombie (D:5)
  A worker ant zombie (D:10)
  10 gnolls
  7 adders
  5 shadow imps
  5 adder skeletons
  5 worms
  2 dart slugs
  2 leopard geckos
  57 orcs
  2 giant cockroaches
  7 goblins
  13 hobgoblins
  12 jackals
  2 quokkas
  3 ball pythons
  9 bats
  8 frilled lizards
  A jackal skeleton (D:5)
  A jackal zombie (D:7)
  22 kobolds
  8 rats
  2 plants
626 creatures vanquished.

Vanquished Creatures (collateral kills)
  Sonja (Lair:2)
  A hippogriff (Lair:2)
  A spriggan (Lair:6)
  4 yaks (Lair:2)
  An acid dragon (Lair:6)
  2 bullfrogs (Lair:2)
10 creatures vanquished.

Vanquished Creatures (others)
  A bush (Lair:2)
  A fire vortex (Lair:5)
  10 fungi
  8 plants
20 creatures vanquished.

Grand Total: 656 creatures vanquished

Notes
Turn   | Place    | Note
-------+----------+-------------------------------------------
     0 | D:1      | Sphyrna the Minotaur Fighter began the quest for the Orb.
     0 | D:1      | Reached XP level 1. HP: 19/19 MP: 0/0
   299 | D:1      | Reached XP level 2. HP: 27/27 MP: 1/1
   394 | D:1      | Reached skill level 4 in Shields
  1375 | D:2      | Reached XP level 3. HP: 22/33 MP: 2/2
  1974 | D:2      | Reached XP level 4. HP: 40/40 MP: 3/3
  2376 | D:2      | Found a bloodstained altar of Trog.
  2386 | D:2      | Became a worshipper of Trog the Wrathful
  3110 | D:3      | Reached XP level 5. HP: 47/47 MP: 4/4
  3157 | D:3      | Reached * piety under Trog
  3226 | D:3      | Found a snail-covered altar of Cheibriados.
  3661 | D:3      | Found a runed translucent door.
  3662 | D:3      | Noticed Crazy Yiuf
  3733 | D:3      | Reached skill level 5 in Polearms
  3733 | D:3      | Reached skill level 5 in Armour
  3733 | D:3      | Reached XP level 6. HP: 45/53 MP: 5/5
  3814 | D:3      | Reached skill level 5 in Shields
  4141 | D:3      | Reached ** piety under Trog
  4247 | D:3      | Killed Crazy Yiuf
  4456 | D:4      | Found a staircase to the Ecumenical Temple.
  4682 | D:4      | Found a radiant altar of Vehumet.
  5060 | D:4      | Reached skill level 5 in Fighting
  5277 | D:4      | Found a glowing golden altar of the Shining One.
  5277 | D:4      | Found a blossoming altar of Fedhas.
  5454 | Temple   | Entered the Ecumenical Temple
  5667 | D:5      | Entered Level 5 of the Dungeon
  5797 | D:4      | Reached XP level 7. HP: 54/61 MP: 6/6
  5890 | D:5      | Noticed Blork the orc
  5914 | D:5      | Killed Blork the orc
  6325 | D:5      | Noticed a +0 dagger
  6326 | D:5      | Noticed a -3 hand axe
  6328 | D:5      | Found a hide-covered altar of Uskayaw.
  6376 | D:5      | Found a shadowy altar of Dithmenos.
  6376 | D:5      | You fall into a shaft and drop 2 floors!
  6931 | D:7      | Reached XP level 8. HP: 58/70 MP: 7/7
  6993 | D:7      | Found an iron altar of Okawaru.
  7380 | D:6      | Reached skill level 6 in Shields
  7730 | D:6      | Noticed Menkaure
  7737 | D:6      | Killed Menkaure
  7891 | D:6      | Noticed Eustachio
  7921 | D:6      | Killed Eustachio
  8461 | D:5      | Got a slimy copper ring
  9104 | D:5      | Found a transporter.
  9104 | D:5      | Found a transporter.
  9107 | D:5      | Noticed Linguinho's ghost (novice GrFi)
  9110 | D:5      | Noticed a hornet
  9325 | D:6      | Reached XP level 9. HP: 60/77 MP: 8/8
  9723 | D:6      | Reached skill level 7 in Shields
  9803 | D:6      | Reached *** piety under Trog
 10009 | D:6      | Reached skill level 10 in Polearms
 10357 | D:7      | Found a burning altar of Makhleb.
 10357 | D:7      | Found a shimmering altar of Xom.
 10369 | D:7      | Identified the ring "Coreabiq" {+Fly SInv Stlth+} (You
                  | found it on level 5 of the Dungeon)
 10407 | D:8      | Noticed Grum
 10609 | D:7      | Killed Grum
 11203 | D:8      | Noticed a queen bee
 11460 | D:8      | Reached skill level 8 in Shields
 12168 | D:9      | Identified a scroll of acquirement
 12296 | D:8      | Reached XP level 10. HP: 85/87 MP: 9/9
 12570 | D:9      | Noticed a death yak
 12570 | D:9      | Noticed a death yak
 13458 | D:7      | Reached skill level 9 in Shields
 13632 | D:8      | Found a glowing silver altar of Zin.
 13880 | D:9      | Noticed a death yak
 13889 | D:8      | Killed a death yak
 13889 | D:8      | Reached skill level 10 in Armour
 14890 | D:9      | Reached skill level 10 in Shields
 14892 | D:9      | Reached **** piety under Trog
 14899 | D:9      | Reached XP level 11. HP: 96/96 MP: 10/10
 15528 | D:9      | Noticed Joseph
 15559 | D:9      | Killed Joseph
 15769 | D:8      | Killed a death yak
 15769 | D:8      | Reached skill level 10 in Fighting
 15958 | D:9      | Killed a death yak
 15965 | D:9      | Reached skill level 1 in Slings
 16037 | D:9      | Found a staircase to the Lair.
 16223 | D:9      | Noticed a two-headed ogre
 16501 | D:10     | Entered Level 10 of the Dungeon
 17385 | D:10     | Noticed a two-headed ogre
 17410 | D:10     | Reached ***** piety under Trog
 17423 | D:10     | Found Vyacium's Armour Emporium.
 17423 | D:10     | Found a staircase to the Orcish Mines.
 17423 | D:10     | Found Gunuty's Weapon Emporium.
 17717 | D:10     | Bought a +1 ring mail of poison resistance for 169 gold
                  | pieces
 17728 | D:10     | Noticed Nergalle
 17771 | D:10     | Killed Nergalle
 17771 | D:10     | Reached skill level 11 in Shields
 18095 | D:10     | Got a bound ivory ring
 18233 | D:9      | Killed a two-headed ogre
 18290 | D:10     | Killed a two-headed ogre
 18417 | D:11     | Noticed a two-headed ogre
 18425 | D:11     | Killed a two-headed ogre
 18453 | D:11     | Noticed Maurice
 18478 | D:10     | Killed Maurice
 18478 | D:10     | Received a gift from Trog
 18478 | D:10     | Reached XP level 12. HP: 107/109 MP: 11/11
 18597 | D:11     | Noticed Fannar
 18800 | D:11     | Found a sparkling altar of Nemelex Xobeh.
 18932 | D:11     | Reached skill level 1 in Dodging
 19141 | D:11     | Noticed Psyche
 19178 | D:11     | Killed Psyche
 19178 | D:11     | Reached skill level 5 in Slings
 19181 | D:11     | Reached skill level 12 in Shields
 19530 | Lair:1   | Entered Level 1 of the Lair of Beasts
 20253 | Lair:1   | Noticed an eight-headed hydra
 20673 | Lair:2   | Found a staircase to the Swamp.
 20981 | Lair:2   | Noticed an eight-headed hydra
 21506 | Lair:2   | Received a gift from Trog
 21664 | Lair:2   | Noticed Sonja
 21680 | Lair:2   | Reached skill level 13 in Shields
 21693 | Lair:2   | Killed Sonja
 22433 | Lair:2   | Killed an eight-headed hydra
 22827 | Lair:3   | Got a steaming glass ring
 22886 | Lair:3   | Reached XP level 13. HP: 121/121 MP: 12/12
 22887 | Lair:3   | Identified the cursed ring of Ederod {rF+ Str-3} (You found
                  | it on level 3 of the Lair of Beasts)
 22889 | Lair:3   | Identified the ring "Duoch" {EV+5 Str+3} (You found it on
                  | level 10 of the Dungeon)
 23054 | Lair:3   | Found a staircase to the Snake Pit.
 23829 | Lair:3   | Reached skill level 5 in Dodging
 25114 | Lair:4   | Reached skill level 14 in Shields
 26617 | Lair:6   | Entered Level 6 of the Lair of Beasts
 27510 | Lair:6   | Received a gift from Trog
 27685 | Lair:6   | Reached skill level 15 in Fighting
 27782 | Lair:6   | Reached skill level 1 in Evocations
 28080 | Lair:6   | Noticed a dire elephant
 28086 | Lair:6   | Killed a dire elephant
 28086 | Lair:6   | Reached XP level 14. HP: 135/135 MP: 13/13
 28131 | Lair:6   | Found a viscous altar of Jiyva.
 28131 | Lair:6   | Found a staircase to the Slime Pits.
 28518 | Lair:6   | Reached skill level 15 in Shields
 28861 | Snake:1  | Entered Level 1 of the Snake Pit
 29311 | Snake:1  | You fall into a shaft and drop 1 floor!
 29490 | Snake:1  | Noticed Aizul
 29511 | Snake:1  | Noticed a nagaraja
 29517 | Snake:1  | Killed Aizul
 29944 | Snake:1  | Found a runed translucent door.
 29944 | Snake:1  | Noticed Gusias's ghost (adept OgFE)
 29989 | Snake:1  | Killed a nagaraja
 30265 | Snake:1  | You fall into a shaft and drop 1 floor!
 31216 | Snake:2  | Noticed a nagaraja
 31708 | Snake:2  | You fall into a shaft and drop 1 floor!
 32262 | Snake:2  | Found Muxad's Gadget Boutique.
 32262 | Snake:2  | Found Omuetokkat's Jewellery Emporium.
 32263 | Snake:2  | Found Sotoes's Jewellery Emporium.
 32378 | Snake:2  | Reached skill level 16 in Shields
 32810 | Snake:2  | Killed a nagaraja
 33161 | Snake:2  | Noticed Saint Roka
 33829 | Snake:3  | Noticed Agnes
 33863 | Snake:3  | Killed Agnes
 34696 | Snake:3  | Noticed Mara
 34711 | Snake:3  | Noticed Jorgrun
 35018 | Snake:3  | Killed Jorgrun
 35018 | Snake:3  | Reached skill level 17 in Shields
 35018 | Snake:3  | Reached XP level 15. HP: 112/145 MP: 15/15
 37789 | D:13     | Found a glowing golden altar of the Shining One.
 37808 | D:13     | Got a polished ring mail
 37947 | D:13     | Found a gate to the Vaults.
 38242 | D:13     | Identified the +4 ring mail of the Tired Runes {rElec
                  | Dex+2} (You found it on level 13 of the Dungeon)
 38557 | D:13     | Received a gift from Trog
 39535 | Snake:3  | Noticed Sphyrna's illusion
 39612 | Snake:2  | Found Muxad's Gadget Boutique.
 39612 | Snake:2  | Found Sotoes's Jewellery Emporium.
 39613 | Snake:2  | Found Omuetokkat's Jewellery Emporium.
 39650 | Snake:2  | Killed Saint Roka
 39650 | Snake:2  | Reached skill level 18 in Shields
 40317 | Snake:3  | Noticed Sphyrna's illusion
 40340 | Snake:3  | Noticed Sphyrna's illusion
 40345 | Snake:3  | Slain by Sphyrna's illusion

Levels and vault maps discovered:
D:1:      wander_arrival_desolate, layout_basic, grunt_decor_arrowhead
D:2:      layout_loops_ring, bloody_trog
D:3:      layout_basic, kennysheep_slug_shrine, minmay_large_rounded_square,
          minmay_joined_circles, uniq_crazy_yiuf_cottage
D:4:      minmay_evil_eye, layout_loops_ring, amethyst_overflow_temple_binary,
          fiery_altar_vehumet, temple_fountains, minmay_between
D:5:      layout_basic, overflow_temple_1_default, dancing_weapons_uskayaw,
          first_ration, gammafunk_ghost_hive, uniq_blork_the_orc
D:6:      layout_basic, uniq_menkaure, uniq_eustachio
D:7:      layout_loops_ring, grunt_temple_overflow_champion_of_chaos,
          okawaru_metal_pillars_3
D:8:      layout_basic, zin_treasury, david_nohive_1, uniq_grum
D:9:      lemuel_troll_bridge, layout_irregular_city, dpeg_lair_monsters,
          uniq_joseph
D:10:     layout_long_grid, orc_david_3, minmay_misc_feat_cross, uniq_nergalle
D:11:     layout_loops_cross, basic_altar, uniq_fannar, uniq_psyche,
          uniq_maurice
D:12:     layout_long_grid
D:13:     layout_basic, erik_vaults_1, basic_altar, minmay_misc_feat_five
Temple:   minmay_temple_bridge_abc
Lair:1:   layout_cave_pods, hangedman_lair_unloving_vines
Lair:2:   layout_chaotic_city, minmay_swamp_entry_worms,
          infiniplex_staircase_pool, grunt_megastairs_4, uniq_sonja
Lair:3:   layout_concentric_octagons, guppyfry_snake_entry_garden
Lair:4:   layout_cave_shapes, chequers_serial_rivers_room_b, grunt_megastairs_2,
          infiniplex_staircase_pool_2
Lair:5:   layout_gridlike
Lair:6:   guppyfry_lair_end_dragon, layout_gridlike,
          dpeg_slime_entry_enclosed_altar, grunt_forest_large_clearing_hut
Snake:1:  layout_misc_corridors, ebering_ghost_inner_flame, uniq_aizul
Snake:2:  layout_layer_cave, minmay_shop_grove, uniq_saint_roka
Snake:3:  layout_chambers, uniq_jorgrun, uniq_mara, uniq_agnes

Skill      XL: |  1  2  3  4  5  6  7  8  9 10 11 12 13 14 15 |
---------------+----------------------------------------------+-----
Shields        | 4 5 6 8 10 11 13 14 17 18 | 18.1
Fighting       | 4 5 6 8 9 11 13 15 16 17 | 17.2
Armour         | 4 5 6 7 9 10 | 10.0
Polearms       | 3 5 6 7 9 11 12 14 | 14.0
Slings         | 4 5 7 9 |  9.5
Dodging        | 4 6 |  6.0
Evocations     | 1 |  1.3

Action                   |  1- 3 |  4- 6 |  7- 9 | 10-12 | 13-15 || total
-------------------------+-------+-------+-------+-------+-------++-------
Melee: Trident           |   115 |   271 |   397 |   917 |  1584 ||  3284
       Headbutt          |     5 |    29 |    76 |   196 |   308 ||   614
 Fire: Hunting sling     |       |       |       |    41 |   131 ||   172
       Fustibalus        |       |       |       |    30 |    10 ||    40
Invok: Berserk           |       |     2 |     7 |    12 |     7 ||    28
       Trog's Hand       |       |       |     1 |       |     1 ||     2
       Brothers in Arms  |       |       |       |     2 |     8 ||    10
Evoke: Wand              |       |       |       |     3 |     2 ||     5
  Use: Scroll            |       |     9 |     9 |       |    16 ||    34
       Potion            |       |       |       |     1 |     6 ||     7
 Stab: Sleeping          |       |       |       |     1 |       ||     1
       Distracted        |       |       |       |       |     1 ||     1
  Eat: Chunk             |     3 |    13 |    10 |    25 |    23 ||    74
       Ration            |       |     1 |     5 |     6 |    12 ||    24
Armor: Scale mail        |    27 |    52 |   122 |    37 |       ||   238
       Ring mail         |       |       |       |   113 |   120 ||   233
Dodge: Dodged            |    30 |    41 |    91 |   158 |   308 ||   628
Block: Shield            |    62 |    74 |   176 |   325 |   184 ||   821
       Large shield      |       |       |       |       |   737 ||   737

Table legend:
 A = Non-vault XP
 B = Vault XP
 C = Vault XP percentage of total XP
 D = Non-vault monster count
 E = Vault monster count
 F = Vault count percentage of total count
                 A         B        C        D         E       F
            +---------+---------+-------+---------+---------+-------
      Total |   92367 |   34114 |  27.0 |     511 |     123 |  19.4
            +---------+---------+-------+---------+---------+-------
        D:1 |      55 |       0 |   0.0 |      22 |       0 |   0.0
        D:2 |     113 |       0 |   0.0 |      23 |       0 |   0.0
        D:3 |     282 |      71 |  20.1 |      43 |      11 |  20.4
        D:4 |     254 |      58 |  18.6 |       8 |       6 |  42.9
        D:5 |     631 |      99 |  13.6 |      19 |       1 |   5.0
        D:6 |    1473 |     372 |  20.2 |      30 |       2 |   6.2
        D:7 |     293 |     942 |  76.3 |       7 |       7 |  50.0
        D:8 |    1070 |    2815 |  72.5 |      19 |      16 |  45.7
        D:9 |    2418 |    6004 |  71.3 |      27 |      20 |  42.6
       D:10 |    2066 |    1718 |  45.4 |      26 |       9 |  25.7
       D:11 |    4296 |     463 |   9.7 |      33 |       1 |   2.9
       D:12 |    3994 |       0 |   0.0 |      23 |       0 |   0.0
       D:13 |    7189 |    1808 |  20.1 |      39 |       2 |   4.9
     Lair:1 |    3263 |       0 |   0.0 |      14 |       0 |   0.0
     Lair:2 |    7340 |    1748 |  19.2 |      34 |       6 |  15.0
     Lair:3 |    5227 |     323 |   5.8 |      21 |       2 |   8.7
     Lair:4 |    7704 |    1205 |  13.5 |      24 |       7 |  22.6
     Lair:5 |    1940 |       0 |   0.0 |       7 |       0 |   0.0
     Lair:6 |    9285 |    5008 |  35.0 |      29 |      19 |  39.6
    Snake:1 |   12254 |    1257 |   9.3 |      21 |       3 |  12.5
    Snake:2 |   15312 |    5385 |  26.0 |      27 |       9 |  25.0
    Snake:3 |    5908 |    4838 |  45.0 |      15 |       2 |  11.8
            +---------+---------+-------+---------+---------+-------
